 Dungeon Crawl Stone Soup version 0.23.2-1-ga50397a (webtiles) character file.

Game seed: 16031961182593027886

44903 Wander the Spear-Bearer (level 14, -3/110 HPs)
             Began as a Human Wanderer on Apr 18, 2019.
             Was a Follower of Uskayaw.
             Slain by an entropy weaver (8 damage)
             ... on level 5 of the Lair of Beasts on Apr 29, 2019.
             The game lasted 00:47:12 (18587 turns).

Wander the Spear-Bearer (Human Wanderer)           Turns: 18587, Time: 00:47:13

Health: -3/110     AC:  0    Str: 26    XL:     14   Next: 68%
Magic:  14/21      EV: 11    Int: 14    God:    Uskayaw [*.....]
Gold:   1240       SH: 16    Dex: 12    Spells: 12/15 levels left

rFire    . . .     SeeInvis .   o - +8 trident (freeze)
rCold    . . .     Gourm    .   l - +1 shield
rNeg     + . .     Faith    .   z - +3 scale mail "Jitupn" {Str+9 Int+3 Dex-3 Stlth+}
rPois    .         Spirit   .   p - +0 helmet
rElec    .         Reflect  +   q - +0 cloak
rCorr    .         Harm     .   L - +0 pair of gloves
MR       +....                  (no boots)
Stlth    +.........             R - +3 amulet of reflection
HPRegen  0.28/turn              m - ring of positive energy
MPRegen  0.17/turn              d - ring of wizardry

@: corroded
A: no striking features
a: Stomp, Renounce Religion


You were on level 5 of the Lair of Beasts.
You worshipped Uskayaw.
Uskayaw was aware of your devotion.
You were hungry.

You visited 2 branches of the dungeon, and saw 16 of its levels.

You collected 1240 gold pieces.

Inventory:

Hand Weapons
 a - the +5 falchion of Giuvaucu {freeze, rC+ MR+ Dex+4}
   (You found it on level 5 of the Lair of Beasts)

   It has been specially enchanted to freeze those struck by it, causing extra
   injury to most foes and up to half again as much damage against particularly
   susceptible opponents.
   It can also slow down cold-blooded creatures.
   It affects your dexterity (+4).
   It protects you from cold.
   It affects your resistance to hostile enchantments.
 o - a +8 trident of freezing (weapon)
 S - the +3 dagger "Samaovoh" {flame, rElec rC+ Dex+3}
   (You found it on level 4 of the Lair of Beasts)

   It has been specially enchanted to burn those struck by it, causing extra
   injury to most foes and up to half again as much damage against particularly
   susceptible opponents.
   It affects your dexterity (+3).
   It protects you from cold.
   It insulates you from electricity.
Armour
 b - a +0 ring mail
 k - a +0 chain mail
 l - a +1 shield (worn)
 p - a +0 helmet (worn)
 q - a +0 cloak (worn)
 t - a +2 chain mail of poison resistance
 z - the +3 scale mail "Jitupn" (worn) {Str+9 Int+3 Dex-3 Stlth+}
   (You found it on level 5 of the Dungeon)

   It affects your strength (+9).
   It affects your intelligence (+3).
   It affects your dexterity (-3).
   It makes you more stealthy.
 J - a +0 shield
 L - a +0 pair of gloves (worn)
Jewellery
 d - a ring of wizardry (right hand)
 m - a ring of positive energy (left hand)
 E - an uncursed amulet of the gourmand
 H - an uncursed amulet of guardian spirit
 M - an uncursed ring of positive energy
 R - a +3 amulet of reflection (around neck)
 V - an uncursed amulet of magic regeneration
Wands
 u - a wand of flame (18)
 F - a wand of polymorph (11)
 G - a wand of enslavement (16)
 N - a wand of random effects (28)
 Q - a wand of digging (4)
Scrolls
 g - 6 scrolls of teleportation
 h - 8 scrolls of remove curse
 j - 4 scrolls of fog
 v - 3 scrolls of amnesia
 y - 3 scrolls of magic mapping
 A - a scroll of random uselessness
 I - a scroll of fear
 P - 2 scrolls of silence
 T - 4 scrolls of identify
 X - 2 scrolls of vulnerability {unknown}
 Y - a scroll of enchant armour
 Z - a scroll of noise {unknown}
Potions
 c - 7 potions of curing
 i - 4 potions of brilliance
 r - a potion of mutation {unknown}
 s - 2 potions of haste
 w - 2 potions of agility
 x - a potion of magic {unknown}
 B - 2 potions of flight {unknown}
 C - a potion of resistance {unknown}
 D - a potion of heal wounds
 O - a potion of lignification {unknown}
 W - a potion of berserk rage {unknown}
Miscellaneous
 U - a phial of floods
Comestibles
 f - 37 rations


   Skills:
 + Level 10.0 Fighting
 - Level 13.3(14.0) Polearms
   Level 7.2(11.2) Staves
 - Level 2.0 Throwing
 + Level 9.3 Armour
 + Level 5.2 Dodging
 + Level 8.6 Shields
 - Level 1.0 Spellcasting
 - Level 2.0 Conjurations
 * Level 4.0 Translocations
 * Level 9.9 Invocations


You had 12 spell levels left.
You knew the following spells:

 Your Spells              Type           Power        Failure   Level  Hunger
a - Magic Dart            Conj           #...         21%         1    ##.....
b - Blink                 Tloc           N/A          14%         2    ###....

Your spell library contained the following spells:

 Spells                   Type           Power        Failure   Level  Hunger
 Apportation              Tloc           ##....       10%         1    ##.....
 Flame Tongue             Conj/Fire      #....        32%         1    ##.....
 Searing Ray              Conj           #.....       32%         2    ###....
 Animate Skeleton         Necr           N/A          43%         1    ##.....
 Confusing Touch          Hex            #.....       43%         1    ##.....
 Corona                   Hex            #......      43%         1    ##.....
 Summon Small Mammal      Summ           #...         43%         1    ##.....
 Throw Flame              Conj/Fire      #.....       43%         2    ###....
 Call Imp                 Summ           #.......     56%         2    ###....
 Ensorcelled Hibernation  Hex/Ice        #.....       56%         2    ###....
 Slow                     Hex            #.......     56%         2    ###....
 Conjure Flame            Conj/Fire      #.......     65%         3    ####...
 Dazzling Spray           Conj/Hex       #.....       65%         3    ####...
 Mephitic Cloud           Conj/Pois/Air  #.......     71%         3    ####...
 Force Lance              Conj/Tloc      #.......     77%         4    #####..
 Confuse                  Hex            #.......     78%         3    ####...
 Inner Flame              Hex/Fire       #.......     78%         3    ####...
 Tukima's Dance           Hex            #.......     78%         3    ####...
 Iskenderun's Mystic Bla  Conj           #.......     88%         4    #####..
 Fulminant Prism          Conj/Hex       #.........   95%         4    #####..
 Sticky Flame             Conj/Fire      #.......     95%         4    #####..
 Fireball                 Conj/Fire      #.........   100%        5    ######.


Dungeon Overview and Level Annotations

Branches:
Dungeon (11/15)            Temple (0/1) D:7            Lair (5/6) D:11
  Swamp (0/4) Lair:3        Snake (0/4) Lair:2
  Slime: Lair:5-6       Orc: D:9-12

Altars:
Gozag
Sif Muna
Uskayaw

Shops:
D:4 [

Annotations:
D:4 3 runed translucent doors, DungeonDestroyer's ghost, novice MiFi
D:7 2 runed translucent doors, MajorAdolf's ghost, novice NaWn
Lair:2 exclusion: 2 oklob plants
Lair:5 Kirke


Message History

The entropic weave corrodes you!
You hit the entropy weaver but do no damage.
The entropy weaver is almost dead.
You block the entropy weaver's attack. x2; The entropy weaver hits you!
* * * LOW HITPOINT WARNING * * *
You block the entropy weaver's attack.
Unknown command.
You feel much better. The entropy weaver hits you!
* * * LOW HITPOINT WARNING * * *
You block the entropy weaver's attack. The entropy weaver hits you!
* * * LOW HITPOINT WARNING * * *
You block the entropy weaver's attack.
You hear some strange, mumbled words.
Nothing appears to happen.
You stomp with the beat, sending a shockwave through the revelers around you!
The entropy weaver is almost dead.
You feel somewhat more hungry.
You can no longer pass through a line of other dancers.
The entropy weaver hits you!
You die...

#.#######†# #÷#..
#.# #.#.# #.# #.#.#
#÷# #.#h# #.# #.#h#
#.# #.#{# #.# #.#a#
#[# #.#@# #÷#
#.#†#####§# #
#.#..○○○☼.# ###
#.########### #..
#......†÷○'.## ##..
###########..####...
#°.#.#....
#°°.......
##.#.#....


You could see an entropy weaver and 2 hogs.

Vanquished Creatures
  Rupert (Lair:5)
  An entropy weaver (Lair:5)
  Harold (D:9)
  2 ghost crabs (Lair:5)
  2 hydras
  A catoblepas (Lair:3)
  5 death yaks (Lair:1)
  Urug (Lair:5)
  4 fire crabs (Lair:5)
  A deep elf mage (D:9)
  3 elephants (Lair:1)
  2 black mambas
  A torpor snail (Lair:5)
  A gargoyle (D:9)
  6 spiny frogs
  A rime drake (Lair:3)
  8 komodo dragons
  A queen bee (D:11)
  Grinder (D:5)
  28 blink frogs
  Prince Ribbit (Lair:2)
  11 hippogriffs
  A wraith (D:11)
  A basilisk (Lair:3)
  37 yaks
  2 wyverns
  A hungry ghost (D:9)
  A steam dragon (Lair:2)
  3 nagas (Lair:2)
  10 porcupines
  9 water moccasins
  3 sky beasts
  4 ice beasts
  2 black bears (D:11)
  9 orc warriors
  2 phantoms
  6 ogres
  6 centaurs
  10 crocodiles
  8 wolves
  7 bullfrogs
  2 gnoll sergeants
  A wyvern zombie (D:8)
  4 scorpions
  12 killer bees
  8 wights
  A howler monkey (D:4)
  3 centaur zombies
  A bullfrog zombie (D:6)
  8 crimson imps
  5 hounds
  2 quasits
  2 centaur skeletons
  A jelly (D:9)
  2 bullfrog skeletons
  10 orc priests
  2 iguanas (D:8)
  11 orc wizards
  12 worker ants
  A hound zombie (D:8)
  A hound skeleton (D:4)
  14 gnolls
  Robin (D:3)
  4 worker ant zombies
  12 adders
  7 shadow imps
  An adder skeleton (D:4)
  3 worms
  3 dart slugs
  3 leopard geckos
  47 orcs
  6 bats
  10 giant cockroaches
  15 goblins
  10 hobgoblins
  6 jackals
  6 quokkas
  3 ball pythons
  A ball python skeleton (D:4)
  5 frilled lizards
  A jackal skeleton (D:5)
  3 kobolds (D:3)
  2 leopard gecko skeletons
  A quokka skeleton (D:5)
  13 rats
471 creatures vanquished.

Vanquished Creatures (others)
  Nessos (Lair:5)
  8 fungi
  4 plants (Lair:2)
13 creatures vanquished.

Grand Total: 484 creatures vanquished

Notes
Turn   | Place    | Note
-------+----------+-------------------------------------------
     0 | D:1      | Wander the Human Wanderer began the quest for the Orb.
     0 | D:1      | Wander set off with the following items: a +0 club, a +0
                  | ring mail, a potion of curing, a ration; and the following
                  | spell memorised: Magic Dart; and the following spells
                  | available to memorise: Blink, Call Imp, Slow, Conjure
                  | Flame, Mephitic Cloud
     0 | D:1      | Reached XP level 1. HP: 16/16 MP: 2/2
    64 | D:1      | Reached XP level 2. HP: 20/23 MP: 3/3
   133 | D:1      | You fall through a shaft!
   783 | D:1      | Reached XP level 3. HP: 29/29 MP: 4/4
  1378 | D:2      | Reached XP level 4. HP: 33/37 MP: 5/5
  1767 | D:2      | Reached skill level 1 in Staves
  2283 | D:3      | Noticed Robin
  2302 | D:3      | Reached XP level 5. HP: 25/42 MP: 6/6
  2326 | D:3      | Killed Robin
  2604 | D:3      | Found an opulent altar of Gozag.
  3149 | D:4      | Found Sifude's Armour Emporium.
  3176 | D:4      | Noticed an ogre
  3201 | D:4      | Killed an ogre
  3201 | D:4      | Reached XP level 6. HP: 5/48 MP: 7/7
  3691 | D:4      | Reached skill level 5 in Staves
  3708 | D:4      | Reached XP level 7. HP: 17/54 MP: 8/8
  4532 | D:4      | Found a runed translucent gate.
  4532 | D:4      | Found a runed translucent gate.
  4534 | D:4      | Found a runed translucent gate.
  4537 | D:4      | Noticed DungeonDestroyer's ghost (novice MiFi)
  4780 | D:5      | Entered Level 5 of the Dungeon
  4780 | D:5      | Found a hide-covered altar of Uskayaw.
  4796 | D:5      | Became a worshipper of Uskayaw the Reveler
  4830 | D:5      | Reached * piety under Uskayaw
  4868 | D:5      | Reached ** piety under Uskayaw
  4888 | D:5      | Reached *** piety under Uskayaw
  4896 | D:5      | Reached XP level 8. HP: 22/60 MP: 2/9
  5099 | D:5      | Noticed Grinder
  5107 | D:5      | Paralysed by Grinder for 5 turns
  5116 | D:5      | Killed Grinder
  5116 | D:5      | Reached skill level 3 in Polearms
  5371 | D:5      | Reached skill level 4 in Polearms
  5706 | D:5      | Reached **** piety under Uskayaw
  5750 | D:5      | Reached skill level 5 in Polearms
  5791 | D:5      | Got a jasper-encrusted scale mail
  5802 | D:5      | Identified the +3 scale mail "Jitupn" {Str+9 Int+3 Dex-3
                  | Stlth+} (You found it on level 5 of the Dungeon)
  5833 | D:5      | Reached skill level 6 in Polearms
  5876 | D:5      | Reached XP level 9. HP: 65/65 MP: 10/10
  6301 | D:6      | Reached skill level 7 in Polearms
  6453 | D:6      | Reached skill level 8 in Polearms
  6872 | D:6      | Reached skill level 9 in Polearms
  7162 | D:7      | Found a staircase to the Ecumenical Temple.
  7204 | D:7      | Noticed a hippogriff
  7214 | D:7      | Killed a hippogriff
  7214 | D:7      | Reached skill level 10 in Polearms
  7214 | D:7      | Reached XP level 10. HP: 40/71 MP: 11/11
  7545 | D:7      | Found a large runed translucent door.
  7546 | D:7      | Found a large runed translucent door.
  7548 | D:7      | Noticed MajorAdolf's ghost (novice NaWn)
  8053 | D:8      | Reached skill level 1 in Shields
  8153 | D:8      | Reached skill level 11 in Polearms
  8241 | D:8      | Found Ruffag's Armour Shop.
  9138 | D:9      | Noticed a deep elf mage
  9142 | D:9      | Killed a deep elf mage
  9167 | D:8      | HP: 2/73 [wyvern (5)]
  9170 | D:8      | Reached skill level 12 in Polearms
  9552 | D:9      | Noticed a gargoyle
  9553 | D:9      | Noticed Harold
  9572 | D:9      | Killed a gargoyle
  9572 | D:9      | Reached XP level 11. HP: 56/78 MP: 12/12
  9577 | D:9      | Killed Harold
  9577 | D:9      | Reached skill level 5 in Fighting
  9578 | D:9      | Reached ***** piety under Uskayaw
 10114 | D:10     | Entered Level 10 of the Dungeon
 10143 | D:10     | Reached skill level 5 in Armour
 10762 | D:10     | Reached skill level 13 in Polearms
 11335 | D:11     | Reached ****** piety under Uskayaw
 11450 | D:11     | Reached skill level 1 in Invocations
 11451 | D:11     | Found a deep blue altar of Sif Muna.
 11503 | D:11     | Reached skill level 1 in Dodging
 11676 | D:11     | Reached XP level 12. HP: 47/88 MP: 13/13
 11896 | D:11     | Identified a scroll of acquirement
 12057 | D:11     | Found a staircase to the Lair.
 12068 | Lair:1   | Entered Level 1 of the Lair of Beasts
 12505 | Lair:1   | Reached skill level 5 in Shields
 12602 | Lair:1   | You fall through a shaft!
 13047 | Lair:1   | Noticed a death yak
 13048 | Lair:1   | Noticed a death yak
 13050 | Lair:1   | Noticed a death yak
 13051 | Lair:1   | Noticed a death yak
 13051 | Lair:1   | Noticed a death yak
 13063 | Lair:1   | Killed a death yak
 13063 | Lair:1   | Reached skill level 5 in Invocations
 13063 | Lair:1   | Killed a death yak
 13064 | Lair:1   | Killed a death yak
 13070 | Lair:1   | Killed a death yak
 13070 | Lair:1   | Reached XP level 13. HP: 41/98 MP: 3/17
 13974 | Lair:2   | Noticed Prince Ribbit
 14026 | Lair:2   | Killed Prince Ribbit
 14059 | Lair:2   | Found a staircase to the Snake Pit.
 14380 | Lair:3   | Noticed a six-headed hydra
 14390 | Lair:3   | Killed a six-headed hydra
 14709 | Lair:3   | Learned a level 2 spell: Blink
 14835 | Lair:3   | Noticed a catoblepas
 14846 | Lair:3   | Killed a catoblepas
 14863 | Lair:3   | Found a staircase to the Swamp.
 15098 | Lair:3   | Reached skill level 1 in Translocations
 15630 | Lair:4   | Got a bloodstained dagger
 15639 | Lair:4   | Identified the cursed +3 dagger "Samaovoh" {flame, rElec
                  | rC+ Dex+3} (You found it on level 4 of the Lair of Beasts)
 15748 | Lair:4   | Reached XP level 14. HP: 91/108 MP: 20/20
 16507 | Lair:5   | Noticed Nessos
 16523 | Lair:5   | Killed Nessos
 16832 | Lair:5   | Found a runed translucent door.
 16866 | Lair:5   | Got a crystal falchion
 16867 | Lair:5   | Identified the +5 falchion of Giuvaucu {freeze, rC+ MR+
                  | Dex+4} (You found it on level 5 of the Lair of Beasts)
 17077 | Lair:5   | Noticed Rupert
 17120 | Lair:5   | Killed Rupert
 17398 | Lair:5   | Noticed Urug
 17427 | Lair:5   | Killed Urug
 17427 | Lair:5   | Reached skill level 5 in Dodging
 17845 | Lair:5   | Found a runed translucent door.
 18286 | Lair:5   | Noticed an entropy weaver
 18299 | Lair:5   | Killed an entropy weaver
 18566 | Lair:5   | Reached skill level 10 in Fighting
 18567 | Lair:5   | Noticed an entropy weaver
 18568 | Lair:5   | Noticed Kirke
 18582 | Lair:5   | HP: 4/110 [entropy weaver (9)]
 18587 | Lair:5   | Slain by an entropy weaver

Skill      XL: |  1  2  3  4  5  6  7  8  9 10 11 12 13 14 |
---------------+-------------------------------------------+-----
Fighting       | 3 4 6 7 9 10 | 10.0
Staves         | 2 4 5 7 |  7.2
Polearms       | 6 10 12 13 | 13.3
Shields        | 2 3 6 7 8 |  8.6
Armour         | 4 5 7 8 9 |  9.3
Invocations    | 2 5 8 9 |  9.9
Dodging        | 1 3 4 5 |  5.2
Translocations | 1 4 |  4.0
Throwing       | |  2.0
Spellcasting   | |  1.0
Conjurations   | |  2.0

Action                   |  1- 3 |  4- 6 |  7- 9 | 10-12 | 13-15 || total
-------------------------+-------+-------+-------+-------+-------++-------
Melee: Club              |   159 |    11 |       |       |       ||   170
       Quarterstaff      |       |   209 |    90 |       |       ||   299
       Trident           |       |       |   292 |   684 |   432 ||  1408
 Cast: Blink             |       |       |       |       |     2 ||     2
Invok: Stomp             |       |       |     4 |     4 |     8 ||    16
       Line Pass         |       |       |       |     1 |     3 ||     4
       Grand Finale      |       |       |       |       |     2 ||     2
  Use: Scroll            |       |     2 |       |    18 |     2 ||    22
       Potion            |       |       |       |       |     3 ||     3
 Stab: Paralysed         |       |       |     9 |    47 |    39 ||    95
       Confused          |       |       |       |       |     1 ||     1
  Eat: Chunk             |     2 |     7 |    12 |    20 |    21 ||    62
       Ration            |       |       |       |     2 |       ||     2
Armor: Ring mail         |    30 |       |       |       |       ||    30
       Chain mail        |    94 |   128 |    94 |       |       ||   316
       Scale mail        |       |       |    71 |   154 |    92 ||   317
Dodge: Dodged            |    96 |    83 |   110 |   113 |    82 ||   484
Block: Shield            |     7 |     3 |       |   244 |   195 ||   449
       Other             |       |       |    15 |     2 |       ||    17
       Reflection        |       |       |       |     9 |     6 ||    15
